 Dungeon Crawl Stone Soup version 0.20.1-1-g8b1a95d (webtiles) character file.

894 Kingsmith the Blocker (level 7, -11/57 HPs)
             Began as a Minotaur Fighter on Dec 8, 2017.
             Was an Initiate of the Shining One.
             Mangled by Duvessa
             ... wielding a +0 rapier
              (18 damage)
             ... on level 5 of the Dungeon.
             The game lasted 00:06:37 (4325 turns).

Kingsmith the Blocker (Minotaur Fighter)            Turns: 4325, Time: 00:06:38

Health: -11/57     AC:  9    Str: 22    XL:     7   Next: 78%
Magic:  6/6        EV:  8    Int:  5    God:    the Shining One [......]
Gold:   275        SH: 11    Dex: 10    Spells: 6/6 levels left

rFire    . . .     SeeInvis .   a - +0 long sword
rCold    . . .     Gourm    .   c - +0 shield
rNeg     . . .     Faith    .   b - +0 scale mail
rPois    .         Spirit   .   (helmet restricted)
rElec    .         Reflect  .   (no cloak)
rCorr    .         Harm     .   (no gloves)
MR       .....                  z - +0 pair of boots
Stlth    ..........             (no amulet)
Regen    0.2/turn               (no ring)
MPRegen  0.1/turn               (no ring)

@: glowing
A: retaliatory headbutt, horns 2
a: Renounce Religion


You were on level 5 of the Dungeon.
You worshipped the Shining One.
The Shining One was noncommittal.
You were not hungry.

You visited 2 branches of the dungeon, and saw 6 of its levels.

You collected 275 gold pieces.

Inventory:

Hand Weapons
 a - a +0 long sword (weapon)
 A - a +0 spear
Missiles
 D - 31 stones (quivered)
Armour
 b - a +0 scale mail (worn)
 c - a +0 shield (worn)
 j - a +0 plate armour
 z - a +0 pair of boots (worn)
Jewellery
 o - an uncursed ring of fire {unknown}
 x - a +2 ring of intelligence {unknown}
Wands
 w - a wand of clouds (5/9)
Scrolls
 g - 5 scrolls of teleportation {unknown}
 h - 3 scrolls of remove curse {unknown}
 i - 2 scrolls of immolation {unknown}
 k - 2 scrolls of noise {unknown}
 p - 7 scrolls of identify {unknown}
 v - a scroll of recharging {unknown}
 y - a scroll of enchant armour {unknown}
 C - a scroll of fear {unknown}
Potions
 d - 2 potions of might
 e - 3 potions of agility {unknown}
 m - 2 potions of curing {unknown}
 q - 2 potions of degeneration {unknown}
 r - a potion of heal wounds {unknown}
 s - 3 potions of ambrosia {unknown}
 t - a potion of berserk rage {unknown}
 u - a potion of cancellation {unknown}
 B - a potion of magic {unknown}
Comestibles
 f - 5 bread rations
 l - 5 meat rations
 n - 3 royal jellies
 E - 6 chunks of flesh
 F - a fruit


   Skills:
 - Level 3.6 Fighting
 - Level 2.4 Long Blades
 + Level 7.7 Armour
 - Level 9.0 Shields


You had 6 spell levels left.
You didn't know any spells.

Dungeon Overview and Level Annotations

Branches:
Dungeon (5/15)             Temple (1/1) D:4

Altars:
Ashenzari
Cheibriados
Fedhas
Gozag
Hepliaklqana
Kikubaaqudgha
Makhleb
Okawaru
Ru
Sif Muna
Trog
Uskayaw
Xom
The Shining One

Annotations:
D:1 Zoo
D:5 Duvessa


Innate Abilities, Weirdness & Mutations

You reflexively headbutt those who attack you in melee.
You have a pair of horns on your head.


Message History

Your headbutt misses Duvessa.
Duvessa is heavily wounded.
You block Duvessa's attack. Duvessa hits you with a rapier!
You hit Duvessa but do no damage. Your headbutt misses Duvessa.
Duvessa is heavily wounded.
Duvessa hits you with a rapier.
* * * LOW HITPOINT WARNING * * *
Duvessa hits you with a rapier.
* * * LOW HITPOINT WARNING * * *
You hit Duvessa but do no damage.
Duvessa is heavily wounded.
Duvessa completely misses you. You furiously retaliate!
You headbutt Duvessa. Duvessa closely misses you.
You hit Duvessa but do no damage.
Duvessa is heavily wounded.
Duvessa hits you but does no damage.
You barely miss Duvessa.
Duvessa is heavily wounded.
Duvessa hits you with a rapier!!
You die...

...### #... .....####
##...#
#..#....#######...###
##...##.....#...#....
#.................#
.......#####......##
..##..........#.#.$######
.####....####..[.e)......
####..#.........@######..
.....##..........# .....#
..........# ....##
..........# ....#
..........# ....#
########### .#### ...
####


You could see Duvessa (berserk).

Vanquished Creatures
  Grinder (D:3)
  A phantom (D:4)
  2 ogres (D:4)
  A scorpion (D:4)
  Dowan (D:5)
  A gnoll shaman (D:4)
  2 iguanas (D:4)
  A hound skeleton (D:4)
  5 gnolls
  9 adders
  An ooze (D:4)
  An adder skeleton (D:4)
  3 worms
  2 dart slugs (D:1)
  A leopard gecko (D:3)
  8 orcs
  10 bats
  4 giant cockroaches
  8 goblins
  12 hobgoblins
  6 jackals
  A quokka (D:3)
  2 ball pythons (D:2)
  8 frilled lizards
  9 kobolds
  A quokka skeleton (D:4)
  10 rats
111 creatures vanquished.

Notes
Turn   | Place    | Note
-------+----------+-------------------------------------------
     0 | D:1      | Kingsmith the Minotaur Fighter began the quest for the Orb.
     0 | D:1      | Reached XP level 1. HP: 19/19 MP: 0/0
     2 | D:1      | Noticed an elf
     2 | D:1      | Noticed a demigod
     4 | D:1      | Noticed a draconian
     4 | D:1      | Noticed a minotaur
     6 | D:1      | Noticed an octopode
     8 | D:1      | Noticed a formicid
     8 | D:1      | Noticed an ogre
    10 | D:1      | Noticed a felid
    10 | D:1      | Noticed a troll
    12 | D:1      | Noticed a ghoul
    12 | D:1      | Noticed a centaur
    14 | D:1      | Noticed a tengu
    16 | D:1      | Noticed a demonspawn
    18 | D:1      | Noticed a vampire
    18 | D:1      | Noticed a gargoyle
    20 | D:1      | Noticed a vine stalker
    22 | D:1      | Noticed a halfling
    22 | D:1      | Noticed a naga
    24 | D:1      | Noticed a merfolk
    24 | D:1      | Noticed a human
    26 | D:1      | Noticed a spriggan
    26 | D:1      | Noticed a dwarf
    37 | D:1      | Reached skill level 4 in Shields
   146 | D:1      | Reached XP level 2. HP: 26/26 MP: 1/1
   527 | D:1      | Reached skill level 5 in Shields
   646 | D:1      | Reached XP level 3. HP: 29/31 MP: 2/2
  1131 | D:2      | Reached XP level 4. HP: 32/39 MP: 3/3
  1179 | D:2      | Reached skill level 6 in Shields
  1726 | D:3      | Noticed Grinder
  1739 | D:3      | Paralysed by Grinder for 5 turns
  1751 | D:3      | Killed Grinder
  1751 | D:3      | Reached skill level 8 in Shields
  1751 | D:3      | Reached XP level 5. HP: 17/45 MP: 4/4
  1751 | D:3      | Reached XP level 6. HP: 19/51 MP: 5/5
  2964 | D:4      | Reached skill level 9 in Shields
  3297 | D:4      | Reached skill level 5 in Armour
  3297 | D:4      | Reached XP level 7. HP: 29/57 MP: 6/6
  3655 | D:4      | Found a staircase to the Ecumenical Temple.
  3701 | Temple   | Entered the Ecumenical Temple
  3772 | Temple   | Became a worshipper of the Shining One
  4253 | D:5      | Entered Level 5 of the Dungeon
  4308 | D:5      | Noticed Dowan
  4310 | D:5      | Noticed Duvessa
  4317 | D:5      | Killed Dowan
  4325 | D:5      | Mangled by Duvessa

Skill      XL: |  1  2  3  4  5  6  7 |
---------------+----------------------+-----
Shields        | 4 5 8 9 |  9.0
Armour         | 5 7 |  7.7
Fighting       | |  3.6
Long Blades    | |  2.4

Action                   |  1- 3 |  4- 6 |  7- 9 || total
-------------------------+-------+-------+-------++-------
Melee: Long sword        |    74 |   130 |    97 ||   301
       Headbutt          |     9 |    33 |    19 ||    61
Throw: Stone             |       |       |    16 ||    16
  Eat: Chunk             |     1 |     7 |     3 ||    11
Armor: Scale mail        |    46 |    41 |    37 ||   124
Dodge: Dodged            |    34 |    38 |    36 ||   108
Block: Shield            |     4 |    63 |    81 ||   148
       Rpst.: Long sword |     7 |    12 |     7 ||    26
